wheals, lawful female human Priestess --- - - ----- |..| -.---.- |...---- --..-- |.......| --.....| ---- |.....| -^....- ----|....-- --..| --- |.....| --.....| |..--...-- --- |...--|..---.)---- |......| -------......-----.-- --....--...|...| --....-- |...|........--)....--- |.(...........-| --...-- --.................)..- --.............----- |..--- --.....|.............. --................| --.| -----------|....----.......<..| --.......-------.--- |.| ---.....--..||....| |..>...--.-- |.......-- ---...| |.| |...--......||...-- |......|--- |.---....----..--.---.| |..-----...-- ---- |.--).-- |.----..........|.....| ---- --...--------- --...-- |...||..........|--...--- |......--....----.---------------------------.--......[...| |....|.- --.|...@.)))).......................)...))................| --.....-- ----...i.....-------------------------------...---.....--- |......| |...--...-- |...| |....-- ---...-- --*----..| ----- --.--- |..-- --- ---- - --- wheals the Adept Experience level: 6 Strength: 12 Dexterity: 13 Constitution: 12 Intelligence: 11 Wisdom: 18 Charisma: 10 Health: 0(41) Energy: 76(76) AC: 5 Gold: 473 Moves: 2325 Your Inventory: Coins $ - 473 gold pieces Weapons a - a blessed +1 mace F - 15 uncursed [+0] arrows (in quiver) G - a blessed [+2] bow (weapon in hand) L - an uncursed [+0] thonged club [aklys] Armor b - an uncursed +0 robe (being worn) c - an uncursed +0 small shield p - a blessed +0 iron skull cap [orcish helm] (being worn) N - an uncursed +0 pair of hard shoes [iron] (being worn) Comestibles f - an uncursed sprig of wolfsbane Scrolls j - an uncursed scroll labeled ANDOVA BEGARIN [of destroy armor] l - an uncursed scroll labeled TEMOV [of enchant armor] m - a blessed scroll labeled YUM YUM [of enchant weapon] v - a cursed scroll labeled TEMOV [of enchant armor] x - an uncursed scroll labeled VENZAR BORGAVVE [of scare monster] Spellbooks g - an uncursed spellbook of clairvoyance h - an uncursed spellbook of stone to flesh w - an uncursed dark green spellbook [of fireball] Potions d - 4 potions of holy water n - an uncursed amber potion [of blindness] r - an uncursed dark potion [of gain energy] s - an uncursed white potion [of paralysis] B - a cursed potion called obj detect [of object detection] Rings K - an uncursed black onyx ring [of protection from shape changers] Tools i - an uncursed magic marker (0:61) y - an uncursed [oil] lamp (lit) A - 15 uncursed [wax] candles I - 3 uncursed [tallow] candles Gems o - an uncursed yellowish brown gem [topaz] t - 2 uncursed blue gems [worthless glass] u - 3 uncursed red gems [worthless glass] D - an uncursed white gem [fluorite] E - an uncursed white gem [worthless glass] H - an uncursed orange gem [worthless glass] M - 2 uncursed violet gems [worthless glass] Spells known in the end: Name Level Category Fail Memory a - clairvoyance 3 divination 73% [||||||||] b - stone to flesh 3 healing 73% [||||||||] Your skills at the end: Fighting Skills Weapon Skills mace [Basic / Expert] Spellcasting Skills clerical spells [Basic / Expert] Final Attributes: You were piously aligned. Hunger level was 57. Your alignment was 21 / 21. Monster difficulty range was 0 - 5. Level difficulty was 5. Your luck was zero. You are dead. Vanquished creatures: a gnome mummy a human zombie a mountain nymph an Uruk-hai a violet fungus 2 gnome lords a gnomish wizard a wax golem a little dog a floating eye a dwarf 3 homunculi 2 monkeys an iguana 2 coyotes a gas spore a large kobold a hobgoblin 11 gnomes 2 geckos 5 jackals a fox 2 goblins 2 grid bugs a bat 4 newts 51 creatures vanquished. Voluntary challenges: You were an atheist. You used a wielded weapon 52 times. You read items or engraved 13 times. You put on armor 6 times. You never genocided any monsters. You never polymorphed an object. You never changed form. You used no wishes. You wrote Elbereth's name 8 times. You never encountered a bones level. You never used any Sokoban shortcuts. Dungeon overview: The Dungeons of Doom: levels 1 to 5 Level 1 a sink a long staircase Level 4 stairs to The Gnomish Mines Level 5 many fountains The Gnomish Mines: Level 5 <- You were here stairs to The Dungeons of Doom History has recorded: On T:1 you entered the Dungeons of Doom to retrieve the Amulet of Yendor! On T:400 you reached level 2 of The Dungeons of Doom. On T:545 you advanced to experience level 2. On T:899 you reached level 3 of The Dungeons of Doom. On T:1128 you advanced to experience level 3. On T:1135 you advanced to experience level 4. On T:1212 you reached level 4 of The Dungeons of Doom. On T:1215 you reached level 5 of The Dungeons of Doom. On T:1314 you advanced to experience level 5. On T:1776 you reached level 1 of The Gnomish Mines. On T:1786 you advanced to experience level 6. Latest messages: [HP-1=2] The arrow misses. [HP+1=3] The arrow misses. The arrow hits the Uruk-hai. You add "Elbereth" with your fingers to the writing in the dust. The imp turns to flee! You add "Elbereth" with your fingers to the writing in the dust. The arrow misses the Uruk-hai. The Uruk-hai turns to flee! [HP+1=4] The arrow misses the imp. You add "Elbereth" with your fingers to the writing in the dust. The imp hits! [HP-3=1] You add "Elbereth" with your fingers to the writing in the dust. The imp hits! You die... Final status: Goodbye wheals the Priestess... You died in The Gnomish Mines on dungeon level 5 with 2386 points, and 473 pieces of gold, after 2325 moves. You were level 6 with a maximum of 41 hit points when you died.